 Dungeon Crawl Stone Soup version 0.19-a0-46-g8690a2b (webtiles) character file.

842 Chaotic the Covert (level 7, -4/32 HPs)
             Began as a Spriggan Enchanter on May 5, 2016.
             Slain by an ogre
             ... wielding a +0 giant club
              (16 damage)
             ... on level 8 of the Dungeon.
             The game lasted 00:17:20 (4964 turns).

Chaotic the Covert (Spriggan Enchanter)             Turns: 4964, Time: 00:17:21

Health: -4/32      AC:  3    Str:  4    XL:     7   Next: 67%
Magic:  12/12      EV: 18    Int: 17    God:
Gold:   94         SH:  0    Dex: 18    Spells: 2 memorised, 8 levels left

rFire  . . .     SeeInvis +     a - +2 dagger
rCold  . . .     Gourm    .     b - +1 robe
rNeg   . . .     Faith    .     (shield restricted)
rPois  .         Spirit   .     (helmet restricted)
rElec  .         Dismiss  .     (no cloak)
rCorr  .         Reflect  .     (gloves unavailable)
SustAt .         Harm     .     (boots unavailable)
MR     +....                    (no amulet)
Stlth  +++++.....               (no ring)
                                (no ring)

@: very quick, somewhat resistant to hostile enchantments, quite stealthy
A: unfitting armour, see invisible, herbivore 3, speed 3, slow metabolism 2
a: no special abilities


You were on level 8 of the Dungeon.
You were very hungry.

You visited 1 branch of the dungeon, and saw 8 of its levels.

You collected 94 gold pieces.

Inventory:

Hand Weapons
 a - a +2 dagger (weapon)
Armour
 b - a +1 robe (worn)
Jewellery
 i - an uncursed amulet of guardian spirit
Wands
 n - a wand of paralysis (16/24)
Scrolls
 g - a scroll of fog {unknown}
 k - a scroll of remove curse {unknown}
 l - a scroll of enchant armour {unknown}
 m - 2 scrolls of identify {unknown}
 o - a scroll of recharging {unknown}
Potions
 e - a potion of curing {unknown}
 f - 3 potions of lignification {unknown}
 h - a potion of flight {unknown}
Books
 c - a book of Maledictions

   Spells                             Type                      Level
   a - Corona                         Hexes                        1
   b - Ensorcelled Hibernation        Hexes/Ice                    2
   c - Confuse                        Hexes                        3
   d - Tukima's Dance                 Hexes                        3
   e - Dazzling Spray                 Conjuration/Hexes            3
Comestibles
 d - 2 bread rations
 j - a slice of pizza


   Skills:
 + Level 6.7 Short Blades
 - Level 3.0 Dodging
 + Level 10.4 Stealth
 - Level 2.6 Spellcasting
 - Level 3.6 Hexes


You had 8 spell levels left.
You knew the following spells:

 Your Spells              Type           Power        Failure   Level  Hunger
a - Corona                Hex            ##.....      4%          1    #......
b - Ensorcelled Hibernat  Hex/Ice        #.....       17%         2    ##.....


Dungeon Overview and Level Annotations

Branches:
Dungeon (8/15)             Temple (0/1) D:5
   Lair: D:8-11

Altars:
Xom
The Shining One

Shops:
D:4 (

Annotations:
D:2 Sigmund
D:3 heiberg's ghost, amateur HEHu
D:6 Menkaure


Innate Abilities, Weirdness & Mutations

You are tiny and cannot use many weapons and most armour.
You have supernaturally acute eyesight.
You are a herbivore.
You cover ground extremely quickly.
You need consume almost no food.


Message History

Unknown command.
The helpless giant frog fails to defend itself.
You spit the giant frog like a pig!!!
You kill the giant frog!
Your Stealth skill increases to level 9!
You see here a giant frog corpse.
Found a scroll labeled VOMODI FYIKHLIME.
You see here a scroll labeled VOMODI FYIKHLIME.
A manticore comes into view.
The helpless manticore fails to defend itself.
You stick the manticore like a pincushion!!!
You kill the manticore!
Your Short Blades skill increases to level 6!
Your Stealth skill increases to level 10!
You have reached level 7!
An ice beast and an ogre come into view.
The ogre shouts!
The ogre hits you with a giant club!
Ouch! That really hurt!
You die...

#.##....#...
........
#.###...#.###
.######.
#.####...## .
#. #.......##
#. #######.#
#Y #.# #.
###.# #.
#...# ##
#@### # #O# #
#Y# # # #.#
##.### # #.#
#.....#####
#.# #...Y..
..# #..####
..# #..# #..#


You could see an ice beast and an ogre.

Vanquished Creatures
  A manticore (D:8)
  An ogre (D:7)
  A centaur (D:5)
  2 giant frogs (D:8)
  A howler monkey (D:8)
  A hound (D:4)
  A worker ant (D:7)
  4 adders
  An ooze (D:2)
  An adder skeleton (D:5)
  2 worms
  A dart slug (D:1)
  4 giant geckos
  3 orcs (D:4)
  2 giant cockroaches
  3 goblins
  8 hobgoblins
  2 jackals (D:2)
  4 kobolds
  2 quokkas
  3 ball pythons
  3 bats
  A giant newt (D:2)
  A quokka skeleton (D:5)
  5 rats
58 creatures vanquished.

Notes
Turn   | Place    | Note
--------------------------------------------------------------
     0 | D:1      | Chaotic the Spriggan Enchanter began the quest for the Orb.
     0 | D:1      | Reached XP level 1. HP: 9/9 MP: 5/5
   606 | D:1      | Reached XP level 2. HP: 13/13 MP: 6/6
   941 | D:1      | Learned a level 2 spell: Ensorcelled Hibernation
  1039 | D:1      | Reached skill level 5 in Stealth
  1340 | D:1      | Found a glowing golden altar of the Shining One.
  1724 | D:2      | Reached XP level 3. HP: 14/16 MP: 0/8
  1948 | D:2      | Noticed Sigmund
  2422 | D:3      | Noticed heiberg's ghost (amateur HEHu)
  2475 | D:3      | Reached skill level 6 in Stealth
  2959 | D:4      | Noticed a phantom
  2992 | D:4      | Reached XP level 4. HP: 15/21 MP: 3/9
  3019 | D:5      | Entered Level 5 of the Dungeon
  3535 | D:4      | Found Sivear's Antique Weapon Shop.
  3606 | D:5      | Found a shimmering altar of Xom.
  3633 | D:5      | Noticed a centaur
  3642 | D:5      | Killed a centaur
  3642 | D:5      | Reached skill level 7 in Stealth
  3642 | D:5      | Reached XP level 5. HP: 3/24 MP: 5/10
  4482 | D:5      | Found a staircase to the Ecumenical Temple.
  4761 | D:6      | Noticed Menkaure
  4765 | D:7      | Noticed an ice beast
  4790 | D:7      | Noticed an ogre
  4798 | D:7      | Killed an ogre
  4798 | D:7      | Reached skill level 8 in Stealth
  4798 | D:7      | Reached XP level 6. HP: 6/28 MP: 11/11
  4911 | D:8      | Reached skill level 5 in Short Blades
  4928 | D:8      | Reached skill level 9 in Stealth
  4955 | D:8      | Noticed a manticore
  4959 | D:8      | Killed a manticore
  4959 | D:8      | Reached skill level 10 in Stealth
  4959 | D:8      | Reached XP level 7. HP: 12/32 MP: 12/12
  4964 | D:8      | Slain by an ogre

Vault maps used:
D:1:      noname_arrival_rooms_in_the_neighbourhood, tso_altar
D:2:      serial_co_window_serial, co_window_corner_a, co_window_paths_b,
          co_window_corner_a, co_window_cross_1, co_window_corner_a,
          co_window_corner_cb, co_window_broadway_a, co_window_of_opportunity_c,
          co_window_sun, co_window_4corner_a, glass_columns_b, glass_columns_a,
          glass_columns_a, uniq_sigmund, uniq_jessica
D:3:      minmay_goblin_kobold_castle, st_stairs_5
D:4:      serial_shops, shop, uniq_crazy_yiuf_cottage
D:5:      lemuel_round_altar, grunt_temple_overflow_open,
          minmay_temple_entry_from_below_a, first_bread, serial_bayou,
          serial_bayou_lagoon_a, serial_bayou_shore_a, serial_bayou_pond_a,
          serial_bayou_pond_e
D:6:      okawaru_altar_gauntlet_db, basic_altar, uniq_grinder, uniq_menkaure
D:7:      marbit_many_paths, cheibrodos_ashenzari_chains, basic_altar
D:8:      lemuel_crystal_altar

Skill      XL: |  1  2  3  4  5  6 |
---------------+-------------------+-----
Short Blades   | 2 3 4 6 |  6.7
Stealth        | 5 6 7 8 10 | 10.4
Dodging        | |  3.0
Spellcasting   | |  2.6
Hexes          | |  3.6

Action                   |  1- 3 |  4- 6 |  7- 9 || total
-------------------------+-------+-------+-------++-------
Melee: Dagger            |   103 |    69 |       ||   172
 Cast: Ensorcelled Hiber |    30 |    17 |       ||    47
  Use: Scroll            |     1 |       |       ||     1
 Stab: Sleeping          |    31 |    15 |       ||    46
  Eat: Fruit             |     1 |     2 |       ||     3
Armor: Robe              |    11 |     3 |       ||    14
Dodge: Dodged            |    74 |    40 |       ||   114
